 Dungeon Crawl Stone Soup version 0.30-a0-395-gfe72c296f8 (webtiles) character file.

Game seed: 14384649023003423220

432 Emberiza the Digger (level 7, -3/36 HPs)
             Began as a Gargoyle Earth Elementalist on Dec 7, 2022.
             Slain by a yak (15 damage)
             ... on level 4 of the Dungeon.
             The game lasted 00:12:53 (3725 turns).

Emberiza the Digger (Gargoyle Earth Elementalist)   Turns: 3725, Time: 00:12:54

Health: -3/36      AC:  7    Str: 17    XL:     7   Next: 0%
Magic:  10/14      EV: 11    Int: 18    God:
Gold:   183        SH:  0    Dex: 10    Spells: 11/15 levels left

rFire   . . .      SeeInvis .    k - staff of cold
rCold   + . .      Faith    .    (no shield)
rNeg    + . .      Spirit   .    a - +0 robe
rPois   ∞          Reflect  .    (no helmet)
rElec   +          Harm     .    (no cloak)
rCorr   .          Rampage  .    m - +0 pair of gloves
Will    .....                    (no boots)
Stlth   ++........               (no amulet)
HPRegen 0.26/turn                x - ring of poison resistance
MPRegen 0.14/turn                w - ring "Esys" {Fly Str+6}

@: flying
A: sickness immunity, AC +4, negative energy resistance 1, electricity
resistance, torment resistance 1, petrification resistance
a: no special abilities


You were on level 4 of the Dungeon.
You visited 1 branch of the dungeon, and saw 4 of its levels.

You collected 218 gold pieces.
You spent 35 gold pieces at shops.

Inventory:

Hand Weapons
 h - a +1 flail
Missiles
 C - a throwing net
Armour
 a - a +0 robe (worn)
 l - a +0 helmet
 m - a +0 pair of gloves (worn)
Magical Staves
 k - a staff of cold (weapon)
Jewellery
 d - a ring of ice
 p - a ring of positive energy
 w - the ring "Esys" (right hand) {Fly Str+6}
   (You found it on level 4 of the Dungeon)

   [ring of flight]

   Str:       It affects your strength (+6).
   Fly:       It grants you flight.
 x - a ring of poison resistance (left hand)
Wands
 z - a wand of flame (22)
 A - a wand of digging (7)
Scrolls
 f - 5 scrolls of vulnerability
 j - a scroll of teleportation
 o - a scroll of immolation
 s - a scroll of blinking
 u - a scroll of magic mapping
 v - a scroll of identify
 y - a scroll of poison {unknown}
Potions
 b - a potion of magic
 c - 2 potions of brilliance
 e - a potion of lignification {unknown}
 g - a potion of mutation {unknown}
 i - a potion of haste {unknown}
 n - a potion of cancellation {unknown}
 q - a potion of curing
 r - 2 potions of resistance {unknown}
 t - a potion of flight {unknown}
 B - a potion of heal wounds {unknown}


   Skills:
 - Level 1.5 Dodging
 - Level 2.1 Stealth
 + Level 4.8 Spellcasting
 - Level 0.7 Transmutations
 + Level 7.0 Earth Magic


You had 11 spell levels left.
You knew the following spells:

 Your Spells              Type           Power      Damage    Failure   Level
a - Sandblast             Erth           58%        2d13      1%          1
b - Stone Arrow           Conj/Erth      34%        3d9       10%         3

Your spell library contained the following spells:

 Spells                   Type           Power      Damage    Failure   Level
 Passwall                 Tmut/Erth      15%        N/A       4%          2
 Blink                    Tloc           8%         N/A       21%         2
 Petrify                  Tmut/Erth      18%        N/A       26%         4
 Leda's Liquefaction      Hex/Erth       8%         N/A       32%         4
 Call Canine Familiar     Summ           4%         N/A       38%         3
 Portal Projectile        Hex/Tloc       8%         N/A       38%         3
 Manifold Assault         Tloc           4%         N/A       80%         4
 Storm Form               Tmut/Air       2%         N/A       100%        7


Dungeon Overview and Level Annotations

Branches:
Dungeon (4/15)
 Temple: D:4-7

Altars:
Dithmenos
Elyvilon
Fedhas
Gozag
Uskayaw
Xom
Zin

Shops:
D:1 (


Innate Abilities, Weirdness & Mutations

You are immune to sickness and miasma.
Your stone body is resilient. (AC +4)
You are immune to poison.
You resist negative energy. (rN+)
You are resistant to electric shocks. (rElec)
You are resistant to unholy torment.
You are immune to petrification.


Message History

You have reached level 7!
Casting: Sandblast (safe; 1% risk of failure)
Confirm with . or Enter, or press ? or * to list all spells.
The spell is quite dangerous to miscast (10% risk of failure)!
Continue anyway?
Aiming: Stone Arrow (quite dangerous; 10% risk of failure)
Press: ? - help, Shift-Dir - straight line, f - yak
Aim: a yak (81% to hit)
The stone arrow hits the yak!
The yak is moderately wounded.
A yak comes into view.
Hit: k) staff of cold
Press: ? - help, Dir - move target, p - yak
Okay, then.
You hear a bellow!
Things that are here:
a +0 club; a goblin corpse
Things that are here:
a +0 spear; a +0 halberd; a gnoll corpse
Things that are here:
a +0 flail; a +0 club; a gnoll corpse The blast of sand hits the yak.
The yak is moderately wounded.
The yak attacks as you move away! The yak gores you but does no damage.
The blast of sand hits the yak!
The yak is heavily wounded.
The yak gores you! The yak completely misses you.
You see here a +0 ring mail.
The blast of sand hits the yak!
The yak is severely wounded.
The yak closely misses you.
The blast of sand hits the yak!
The yak is almost dead.
The yak gores you but does no damage. The yak gores you!
The blast of sand hits the yak.
The yak is almost dead.
The yak gores you!
* * * LOW HITPOINT WARNING * * *
There is a stone staircase leading up here.
The yak gores you!
You die...

#######.## ###.####.....##
#)## #.# #.......
#.)###########.# #.....##
#.........#....# ##...##
........######.#.#### #####
.......## #[#.# .####..#
#.#.########## #...
#Y#.##.).....#
#..#.#####@#.##.#####.#
#P...........##.#####.#####
...########.###.##.........
#.# #.##.##.##### #.#
#.##.##.# ###.#####)#
#.......#
.<........######.####
.....)......# #.#
###.#######.# #.#


You could see a yak.

Vanquished Creatures
  A necrophage (D:4)
  A scorpion (D:4)
  A jelly (D:4)
  An orc priest (D:3)
  An iguana (D:4)
  3 orc wizards (D:3)
  4 gnolls (D:4)
  3 adders
  2 worms
  2 dart slugs
  10 orcs (D:3)
  8 endoplasms
  2 giant cockroaches (D:3)
  5 goblins
  2 hobgoblins
  8 jackals
  5 kobolds
  3 quokkas (D:4)
  5 ball pythons
  A bat (D:3)
  2 frilled lizards
  6 rats
76 creatures vanquished.

Vanquished Creatures (others)
  A fungus (D:4)
  2 plants (D:4)
3 creatures vanquished.

Grand Total: 79 creatures vanquished

Notes
Turn   | Place    | Note
-------+----------+-------------------------------------------
     0 | D:1      | Emberiza the Gargoyle Earth Elementalist began the quest
                  | for the Orb.
     0 | D:1      | Reached XP level 1. HP: 10/10 MP: 3/3
   284 | D:1      | Found Poso's Weapon Boutique.
   320 | D:1      | Bought a +0 flail for 35 gold pieces
   433 | D:1      | Reached XP level 2. HP: 15/15 MP: 3/5
   445 | D:1      | Reached skill level 4 in Earth Magic
  1272 | D:2      | Reached XP level 3. HP: 19/19 MP: 4/7
  1597 | D:2      | Learned a level 3 spell: Stone Arrow
  1699 | D:3      | Found a shadowy altar of Dithmenos.
  1699 | D:3      | Found a glowing silver altar of Zin.
  1699 | D:3      | Found a shimmering altar of Xom.
  1699 | D:3      | Found a blossoming altar of Fedhas.
  1734 | D:3      | Reached XP level 4. HP: 24/24 MP: 0/8
  2016 | D:3      | Reached skill level 5 in Earth Magic
  2230 | D:3      | Found a white marble altar of Elyvilon.
  2378 | D:3      | Reached XP level 5. HP: 14/28 MP: 2/10
  2598 | D:3      | Noticed a +0 dagger
  2598 | D:3      | Noticed a +0 dagger
  2599 | D:3      | Noticed a +0 short sword
  2599 | D:3      | Noticed a +0 falchion
  2600 | D:3      | Noticed a +0 spear
  2600 | D:3      | Noticed a +0 spear
  2601 | D:3      | Noticed a +0 short sword
  2601 | D:3      | Noticed a +0 falchion
  2604 | D:3      | Found a hide-covered altar of Uskayaw.
  2609 | D:3      | Found an opulent altar of Gozag.
  3013 | D:4      | Reached skill level 6 in Earth Magic
  3013 | D:4      | Reached XP level 6. HP: 32/32 MP: 6/12
  3203 | D:4      | Identified the ring "Esys" {Fly Str+6}
  3581 | D:4      | Reached skill level 7 in Earth Magic
  3683 | D:4      | Noticed a yak
  3684 | D:4      | Noticed a yak
  3685 | D:4      | Reached XP level 7. HP: 36/36 MP: 12/14
  3685 | D:4      | Noticed a yak
  3725 | D:4      | Slain by a yak

Illustrated notes

Levels and vault maps discovered:
D:1:      dpeg_arrival_tiny_a, layout_loops_ring, serial_shops,
          nicolae_shop_bloodbath_and_beyond
D:2:      layout_basic
D:3:      layout_basic, chequers_temple_overflow_statue_of_worship,
          lemuel_round_altar, nicolae_uskayaw_en_pointe, lemuel_doored_altar,
          minmay_fractal_squares_gapless_5
D:4:      corexii_shack_village, layout_loops_ring,
          mainiacjoe_overflow_tiny_flanked, st_stairs_6,
          minmay_stone_trees_small

Skill      XL: |  1  2  3  4  5  6 |
---------------+-------------------+-----
Earth Magic    | 4 5 6 7 |  7.0
Spellcasting   | 3 4 |  4.8
Dodging        | |  1.5
Stealth        | |  2.1
Transmutations | |  0.7

Action                   |  1- 3 |  4- 6 |  7- 9 || total
-------------------------+-------+-------+-------++-------
Melee: Flail             |    14 |       |       ||    14
       Staff             |       |     5 |       ||     5
 Cast: Sandblast         |    50 |    71 |     5 ||   126
       Stone Arrow       |       |     1 |     1 ||     2
  Use: Scroll            |     5 |     5 |       ||    10
       Potion            |       |     1 |       ||     1
Armor: Robe              |    21 |     6 |     2 ||    29
Dodge: Dodged            |    30 |    16 |     2 ||    48

Table legend: (Time is in decaauts)
 A = Elapsed time spent in this place.
 B = Non-inter-level travel time spent in this place.
 C = Inter-level travel time spent in this place.
 D = Time resting spent in this place.
 E = Time spent auto-exploring this place.
 F = Levels seen in this place.
 G = Mean time per level.
                   A        B        C        D        E       F      G
               +--------+--------+--------+--------+--------+-----+--------+
         Total |   3789 |   3709 |     80 |    454 |   2641 |   4 |  947.2 |
       Dungeon |   3789 |   3709 |     80 |    454 |   2641 |   4 |  947.2 |
               +--------+--------+--------+--------+--------+-----+--------+

Top non-repeatable levels by time:
     D:3: 1328 daAuts
     D:1: 891 daAuts
     D:2: 832 daAuts
     D:4: 737 daAuts
